 Dungeon Sprint DCSS version 0.18-a0-125-g4c9da24 (webtiles) character file.

71695 Kidiri the Imperceptible (level 14, -1/74 HPs)
             Began as a Spriggan Enchanter on Nov 20, 2015.
             Was the Champion of Dithmenos.
             Slain by the 27-headed Lernaean hydra (11 damage)
             ... in the Dungeon (Sprint III: "The Ten Rune Challenge") on Nov 21, 2015.
             The game lasted 00:51:23 (7167 turns).

Kidiri the Imperceptible (Spriggan Enchanter)       Turns: 7167, Time: 00:51:24

Health: -1/74      AC:  9    Str:  6    XL:     14   Next: 50%
Magic:  34/36      EV: 38    Int: 23    God:    Dithmenos [******]
Gold:   2561       SH:  9    Dex: 23    Spells: 14 memorised, 3 levels left

rFire  + . .     SeeInvis +     b - +8 quick blade
rCold  + . .     Clarity  .     D - +2 robe {rC+ rF+}
rNeg   + . .     SustAt   .     n - +1 buckler {rN+}
rPois  .         Gourm    .     i - +0 hat
rElec  +         Spirit   .     h - +0 cloak
rCorr  .         Warding  .     (gloves unavailable)
rMut   .         NoTele   +     (boots unavailable)
MR     ++...                    H - amulet of faith
Stlth  +++++++++.               R - ring of Beauty {Int+3 Dex+3 Stlth+}
                                Q - ring of Lehoih {AC+1 Str+2}

@: wreathed by umbra, very quick, very resistant to hostile enchantments,
incredibly stealthy
A: unfitting armour, claws 1, horns 1, slimy green scales 1, see invisible,
agile 1, herbivore 3, speed 3, electricity resistance, slow metabolism 2, wild
magic 2
a: Shadow Step, Shadow Form, Renounce Religion
}: 1/10 runes: serpentine


You were in the Dungeon.
You worshipped Dithmenos.
Dithmenos was exalted by your worship.
You were not hungry.

You visited 1 branch You collected 4685 gold pieces.
You spent 2124 gold pieces at shops.

Inventory:

Hand Weapons
 b - a +8 quick blade (weapon)
 c - a +4 war axe of distortion
 v - a +2 rapier of electrocution
Armour
 h - a +0 cloak (worn)
 i - a +0 hat (worn)
 n - a +1 buckler of positive energy (worn)
 o - a +0 robe of the Archmagi
 D - a +2 robe of resistance (worn)
Jewellery
 a - an uncursed ring of positive energy
 H - an amulet of faith (around neck)
 I - an uncursed ring of poison resistance
 Q - the ring of Lehoih (left claw) {AC+1 Str+2}
   (You found it in the Dungeon)

   [ring of protection]

   It affects your AC (+1).
   It affects your strength (+2).
 R - the ring of Beauty (right claw) {Int+3 Dex+3 Stlth+}
   (You found it in the Dungeon)

   [ring of stealth]

   It affects your intelligence (+3).
   It affects your dexterity (+3).
   It makes you more stealthy.
Wands
 e - a wand of enslavement (13)
 k - a wand of digging (3)
 T - a wand of draining (9)
Scrolls
 j - a scroll of blinking
 m - a scroll of vulnerability
 p - 2 scrolls of holy word
 q - 5 scrolls of remove curse
 x - 4 scrolls of amnesia
 z - 3 scrolls of silence
Potions
 d - 2 potions of mutation
 g - a potion of haste
 l - 2 potions of might
 r - 2 potions of cancellation
 s - 3 potions of flight
 u - a potion of cure mutation
 A - a potion of berserk rage
 B - 9 potions of curing
 C - 3 potions of heal wounds
 E - 2 potions of agility
 F - a potion of magic
Books
 w - a book of Burglary

   Spells                             Type                      Level
   a - Swiftness                      Charms/Air                   2
   b - Passwall                       Transmutation/Earth          3
   c - Passage of Golubria            Translocation                4
   d - Lee's Rapid Deconstruction     Earth                        5
   e - Darkness                       Hexes                        6
   f - Invisibility                   Hexes                        6
Comestibles
 f - 29 royal jellies
 t - 14 fruits


   Skills:
 + Level 8.9 Fighting
 * Level 15.6 Short Blades
 + Level 8.2 Armour
 * Level 19.6 Dodging
 * Level 21.3 Stealth
 * Level 5.1 Shields
 * Level 17.0 Spellcasting
 + Level 8.0 Conjurations
 + Level 12.6 Hexes
 + Level 12.2 Charms
 + Level 13.0 Translocations
 + Level 12.4 Transmutations
 + Level 8.7 Ice Magic
 + Level 3.2 Air Magic
 + Level 9.1 Earth Magic
 - Level 2.3 Invocations


You had 3 spell levels left.
You knew the following spells:

 Your Spells              Type           Power        Failure   Level  Hunger
a - Corona                Hex            #######      1%          1    None
b - Ensorcelled Hibernat  Hex/Ice        ######       2%          2    None
c - Confuse               Hex            ########     2%          3    None
d - Tukima's Dance        Hex            ########     2%          3    None
e - Dazzling Spray        Conj/Hex       #######.     3%          3    None
f - Gell's Gravitas       Hex/Tloc       ########..   2%          3    None
g - Petrify               Trmt/Erth      #######.     6%          4    None
h - Metabolic Englaciati  Hex/Ice        #######...   10%         5    #......
i - Ozocubu's Armour      Chrm/Ice       #######.     3%          3    None
j - Condensation Shield   Ice            #######...   8%          4    None
k - Throw Icicle          Conj/Ice       #######.     8%          4    None
l - Swiftness             Chrm/Air       #######.     4%          2    None
m - Passwall              Trmt/Erth      #######...   3%          3    None
n - Passage of Golubria   Tloc           N/A          4%          4    None


Dungeon Overview and Level Annotations

Branches:
Dungeon (1/1)

Altars:
Cheibriados
Dithmenos
Elyvilon
Fedhas
Gozag
Kikubaaqudgha
Makhleb
Nemelex Xobeh
Okawaru
Qazlal
Ru
Sif Muna
Trog
Vehumet
Xom
Yredelemnul
Zin
The Shining One
Jiyva
Lugonu

Shops:
D =%(%!(}[(:%[!?!*=}:

Annotations:
D Lernaean hydra


Innate Abilities, Weirdness & Mutations

You are tiny and cannot use many weapons and most armour.
You have supernaturally acute eyesight.
You are a herbivore.
You cover ground extremely quickly.
You need consume almost no food.
You have sharp fingernails.
You have a pair of small horns on your head.
You are partially covered in slimy green scales (AC +2).
You are agile. (Dex +2)
You are resistant to electric shocks.
Your spells are harder to cast, but more powerful.


Message History

You enter the shallow water.
Moving in this stuff is going to be slow.
The 27-headed Lernaean hydra completely misses you.
The 27-headed Lernaean hydra barely misses you.
The 27-headed Lernaean hydra bites you. The 27-headed Lernaean hydra bites you!
The 27-headed Lernaean hydra completely misses you.
You block the 27-headed Lernaean hydra's attack. x2
The 27-headed Lernaean hydra barely misses you.
The 27-headed Lernaean hydra misses you.
The 27-headed Lernaean hydra bites you!
* * * LOW HITPOINT WARNING * * *
The 27-headed Lernaean hydra completely misses you.
The 27-headed Lernaean hydra misses you.
The 27-headed Lernaean hydra bites you!
* * * LOW HITPOINT WARNING * * *
The 27-headed Lernaean hydra misses you. x2
The 27-headed Lernaean hydra barely misses you.
The 27-headed Lernaean hydra misses you.
The 27-headed Lernaean hydra bites you!
You die...

.......##
♣.♣♣ #§§§§#
#.#....)##
########
♣.♣♣ #§§§§#
#.#...###.
.......##
♣..♣♣#§D§##
#.#.###...
........#
♣♣.♣♣≈####♣♣
#.#§#.....
######..#
♣♣.♣♣..≈≈.♣
#.#§§§§§§§
.).)....#
♣♣.P♣♣♣.♣♣≈♣
#.#§§§§§§§
.......##
♣P.≈P.D§§≈≈♣
#..§§§§§§§
#########
♣.≈.§§§D§§.♣
#########§
........#
♣.♣..§@§§≈.♣
#.#.#.#.#.
........#
♣♣♣♣♣♣♣♣∩∩∩♣
#.........
#########
♣♣♣♣♣
#.........
###+######


You could see the 27-headed Lernaean hydra and a five-headed hydra.

Vanquished Creatures
  Norris (D)
  Rupert (D)
  A deep elf blademaster (D)
  Gastronok (D)
  Chuck (D)
  Dowan (D)
  A greater naga (D)
  Maud (D)
  A deep elf demonologist (D)
  2 dire elephants (D)
  2 deep elf annihilators (D)
  A fire dragon (D)
  A yaktaur captain (D)
  Josephine (D)
  2 deep elf high priests (D)
  A naga warrior (D)
  2 hydras (D)
  2 centaur warriors (D)
  4 death yaks (D)
  6 anacondas (D)
  4 dancing weapons (D)
  3 orc high priests (D)
  A deep elf knight (D)
  A death drake (shapeshifter) (D)
  A death drake (D)
  A spriggan druid (D)
  2 unseen horrors (D)
  A swamp dragon (D)
  An orange crystal statue (D)
  A deep elf summoner (D)
  An anubis guard (shapeshifter) (D)
  A lindwurm (D)
  An orc knight (D)
  3 deep elf conjurers (D)
  A shining eye (shapeshifter) (D)
  4 crystal guardians (D)
  2 ugly things (D)
  2 spiny frogs (D)
  2 elephants (D)
  A guardian serpent (D)
  Duvessa (D)
  6 black mambas (D)
  A komodo dragon (D)
  3 wandering mushrooms (D)
  A fire drake (D)
  2 deep elf priests (D)
  4 spriggan defenders (D)
  A queen bee (D)
  8 blink frogs (D)
  A slime creature (D)
  A shadow (D)
  3 redbacks (D)
  A redback (shapeshifter) (D)
  2 spriggans (D)
  2 nagas (D)
  A water moccasin (D)
  A spatial vortex (D)
  3 swamp drakes (D)
  A necrophage (D)
  An orc warrior (D)
  2 centaurs (D)
  An earth elemental (D)
  A water elemental (D)
  2 brain worms (D)
  32 killer bees (D)
  An electric eel (D)
  A wizard (D)
  Crazy Yiuf (D)
  3 orc priests (D)
  A jelly (D)
  5 orc wizards (D)
  Jessica (D)
  A necromancer (D)
  3 humans (D)
  A kobold demonologist (D)
  5 adders (D)
  An ooze (D)
  7 orcs (D)
  2 rats (D)
  A bush (D)
  13 plants (D)
196 creatures vanquished.

Vanquished Creatures (collateral kills)
  2 orcs (D)
2 creatures vanquished.

Vanquished Creatures (others)
  2 draconian scorchers (D)
  2 yaktaurs (D)
4 creatures vanquished.

Grand Total: 202 creatures vanquished

Notes
Turn   | Place    | Note
--------------------------------------------------------------
     0 | D        | Kidiri the Spriggan Enchanter began the quest for the Orb.
     0 | D        | Reached XP level 1. HP: 9/9 MP: 5/5
    36 | D        | Noticed Jessica
    40 | D        | Killed Jessica
    40 | D        | Reached skill level 1 in Fighting
    40 | D        | Reached skill level 1 in Armour
    40 | D        | Reached skill level 5 in Stealth
    40 | D        | Reached XP level 2. HP: 12/14 MP: 5/7
    40 | D        | Reached XP level 3. HP: 15/18 MP: 6/9
    48 | D        | Learned a level 2 spell: Ensorcelled Hibernation
    52 | D        | Learned a level 3 spell: Confuse
    56 | D        | Learned a level 3 spell: Dazzling Spray
    83 | D        | Noticed Crazy Yiuf
   105 | D        | Reached skill level 5 in Dodging
   105 | D        | Reached skill level 6 in Stealth
   196 | D        | Killed Crazy Yiuf
   196 | D        | Reached XP level 4. HP: 23/23 MP: 7/11
   210 | D        | Learned a level 3 spell: Tukima's Dance
   243 | D        | Gained mutation: You have a pair of small horns on your head. [potion of mutation]
   243 | D        | Gained mutation: You are partially covered in slimy green scales (AC +2). [potion of mutation]
   243 | D        | Gained mutation: Your spells are a little harder to cast, but a little more powerful. [potion of mutation]
   244 | D        | Gained mutation: You are agile. (Dex +2) [potion of mutation]
   244 | D        | Gained mutation: You are resistant to electric shocks. [potion of mutation]
   244 | D        | Gained mutation: You have sharp fingernails. [potion of mutation]
   256 | D        | Gained mutation: Your spells are harder to cast, but more powerful. [potion of beneficial mutation]
   258 | D        | Killed a yaktaur
   263 | D        | Reached skill level 7 in Stealth
   263 | D        | Reached skill level 5 in Spellcasting
   263 | D        | Reached skill level 1 in Conjurations
   263 | D        | Reached skill level 5 in Hexes
   263 | D        | Reached skill level 1 in Ice Magic
   263 | D        | Reached XP level 5. HP: 5/26 MP: 11/13
   404 | D        | Killed a white draconian scorcher
   430 | D        | Killed a white draconian scorcher
   536 | D        | Noticed a shadow
   591 | D        | Killed a shadow
   591 | D        | Reached skill level 5 in Short Blades
   591 | D        | Reached skill level 8 in Dodging
   591 | D        | Reached skill level 9 in Stealth
   591 | D        | Reached XP level 6. HP: 29/32 MP: 0/16
   824 | D        | Found a stormy altar of Qazlal.
   825 | D        | Found a sacrificial altar of Ru.
   825 | D        | Found a burning altar of Makhleb.
   825 | D        | Found a viscous altar of Jiyva.
   825 | D        | Found a shimmering altar of Xom.
   825 | D        | Found a shadowy altar of Dithmenos.
   825 | D        | Found a sparkling altar of Nemelex Xobeh.
   825 | D        | Found a corrupted altar of Lugonu.
   825 | D        | Found an opulent altar of Gozag.
   825 | D        | Noticed a spatial vortex
   830 | D        | Became a worshipper of Dithmenos the Shadowed
   837 | D        | Killed a spatial vortex
   837 | D        | Reached skill level 1 in Invocations
   941 | D        | Found a radiant altar of Vehumet.
   942 | D        | Found a deep blue altar of Sif Muna.
   942 | D        | Found an ancient bone altar of Kikubaaqudgha.
   943 | D        | Reached skill level 10 in Stealth
   958 | D        | Learned a level 3 spell: Gell's Gravitas
   963 | D        | Learned a level 4 spell: Petrify
   973 | D        | Found a glowing silver altar of Zin.
   974 | D        | Found a glowing golden altar of the Shining One.
   974 | D        | Found a white marble altar of Elyvilon.
   974 | D        | Noticed a deep elf priest
   976 | D        | Killed a deep elf priest
   976 | D        | Reached * piety under Dithmenos
   976 | D        | Reached skill level 1 in Transmutations
   976 | D        | Reached skill level 1 in Earth Magic
   976 | D        | Reached XP level 7. HP: 35/37 MP: 19/19
   996 | D        | Found an iron altar of Okawaru.
   997 | D        | Found a bloodstained altar of Trog.
   997 | D        | Noticed a human
   997 | D        | Noticed a human
   999 | D        | Killed a human
   999 | D        | Reached skill level 10 in Dodging
   999 | D        | Reached skill level 11 in Stealth
  1000 | D        | Killed a human
  1018 | D        | Found a snail-covered altar of Cheibriados.
  1019 | D        | Found a basalt altar of Yredelemnul.
  1019 | D        | Found a blossoming altar of Fedhas.
  1020 | D        | Reached ** piety under Dithmenos
  1020 | D        | Reached XP level 8. HP: 42/42 MP: 21/21
  1041 | D        | Noticed Josephine
  1043 | D        | Killed Josephine
  1043 | D        | Reached skill level 12 in Stealth
  1063 | D        | Learned a level 5 spell: Metabolic Englaciation
  1153 | D        | Noticed a centaur warrior
  1156 | D        | Killed a centaur warrior
  1156 | D        | Reached skill level 5 in Translocations
  1156 | D        | Reached XP level 9. HP: 46/46 MP: 23/23
  1157 | D        | Reached *** piety under Dithmenos
  1157 | D        | Reached skill level 13 in Stealth
  1157 | D        | Reached skill level 10 in Spellcasting
  1171 | D        | Learned a level 3 spell: Ozocubu's Armour
  1178 | D        | Noticed an unseen horror
  1178 | D        | Noticed an unseen horror
  1179 | D        | Killed an unseen horror
  1179 | D        | Reached skill level 5 in Fighting
  1179 | D        | Reached skill level 1 in Charms
  1179 | D        | Reached skill level 5 in Transmutations
  1181 | D        | Killed an unseen horror
  1197 | D        | Reached **** piety under Dithmenos
  1197 | D        | Reached XP level 10. HP: 51/51 MP: 21/25
  1197 | D        | Reached ***** piety under Dithmenos
  1197 | D        | Reached skill level 14 in Stealth
  1198 | D        | Reached ****** piety under Dithmenos
  1198 | D        | Reached skill level 10 in Short Blades
  1199 | D        | Reached skill level 5 in Ice Magic
  1327 | D        | Learned a level 4 spell: Condensation Shield
  1413 | D        | Reached skill level 5 in Armour
  1418 | D        | Reached skill level 15 in Stealth
  1440 | D        | Noticed a lindwurm
  1443 | D        | Killed a lindwurm
  1443 | D        | Reached skill level 5 in Charms
  1443 | D        | Reached skill level 5 in Earth Magic
  1445 | D        | Reached XP level 11. HP: 56/56 MP: 27/27
  1453 | D        | Noticed Maud
  1455 | D        | Killed Maud
  1455 | D        | Reached skill level 5 in Conjurations
  1463 | D        | Noticed a five-headed hydra
  1463 | D        | Noticed an eight-headed hydra
  1469 | D        | Killed a five-headed hydra
  1470 | D        | Killed an eight-headed hydra
  1512 | D        | Learned a level 4 spell: Throw Icicle
  1513 | D        | Noticed a death drake
  1516 | D        | Killed a death drake
  1516 | D        | Reached skill level 16 in Stealth
  1523 | D        | Found a blossoming altar of Fedhas.
  1523 | D        | Noticed a spriggan druid
  1532 | D        | Killed a spriggan druid
  1628 | D        | Noticed a swamp dragon
  1628 | D        | Found Remuav's Distillery.
  1629 | D        | Found Bicaif's Antique Weapon Shop.
  1632 | D        | Found Fikuijio's Gadget Shoppe.
  1634 | D        | Killed a swamp dragon
  1736 | D        | Reached skill level 15 in Dodging
  1943 | D        | Noticed Rupert
  1945 | D        | Killed Rupert
  1945 | D        | Reached skill level 17 in Stealth
  1945 | D        | Reached skill level 10 in Hexes
  1945 | D        | Reached XP level 12. HP: 62/62 MP: 25/30
  1972 | D        | Noticed an azure jelly
  1972 | D        | Noticed an azure jelly
  1990 | D        | Reached skill level 10 in Translocations
  2190 | D        | Noticed an anaconda
  2190 | D        | Noticed an anaconda
  2202 | D        | Killed an anaconda
  2211 | D        | Killed an anaconda
  2318 | D        | Noticed an anaconda
  2319 | D        | Noticed an anaconda
  2323 | D        | Reached skill level 18 in Stealth
  2324 | D        | Killed an anaconda
  2328 | D        | Killed an anaconda
  2330 | D        | Noticed an anaconda
  2331 | D        | Noticed an anaconda
  2332 | D        | Killed an anaconda
  2332 | D        | Reached skill level 10 in Transmutations
  2336 | D        | Killed an anaconda
  2393 | D        | Noticed a naga warrior
  2393 | D        | Noticed a greater naga
  2393 | D        | Found Gaxkiewa's Jewellery Boutique.
  2393 | D        | Found Soiv's Food Emporium.
  2393 | D        | Found Gomel's Antique Weapon Shop.
  2406 | D        | Killed a naga warrior
  2598 | D        | Killed a greater naga
  2598 | D        | Reached XP level 13. HP: 67/67 MP: 15/32
  2679 | D        | Got a serpentine rune of Zot
  2757 | D        | Noticed an azure jelly
  2757 | D        | Noticed an azure jelly
  2758 | D        | Noticed a dire elephant
  2758 | D        | Noticed a dire elephant
  2758 | D        | Noticed Gastronok
  2760 | D        | Killed Gastronok
  2761 | D        | Killed a dire elephant
  2761 | D        | Reached skill level 19 in Stealth
  2761 | D        | Reached skill level 15 in Spellcasting
  2761 | D        | Reached skill level 10 in Charms
  2763 | D        | Killed a dire elephant
  2882 | D        | Found Neleyhai's Food Shop.
  3481 | D        | Noticed a deep elf annihilator
  3491 | D        | Noticed a deep elf annihilator
  3495 | D        | Noticed a deep elf demonologist
  3527 | D        | Noticed a deep elf blademaster
  3529 | D        | Killed a deep elf annihilator
  3799 | D        | Killed a deep elf demonologist
  3799 | D        | Reached skill level 1 in Shields
  4129 | D        | Killed a deep elf annihilator
  4192 | D        | Reached skill level 20 in Stealth
  4826 | D        | Noticed Dowan
  4826 | D        | Noticed Duvessa
  4830 | D        | Killed Duvessa
  4833 | D        | Killed Dowan
  5137 | D        | Found Cuguih's Distillery.
  5137 | D        | Found Deotoh's Distillery.
  5137 | D        | Found Etuibee's Book Shoppe.
  5137 | D        | Found Meulur's Antique Armour Boutique.
  5137 | D        | Found Zuikogo's Magic Scroll Emporium.
  5137 | D        | Found Karoizio's Gadget Shop.
  5137 | D        | Found Haisosy's Jewellery Emporium.
  5137 | D        | Found Afonip's General Store.
  5138 | D        | Found Tuiqo's Food Boutique.
  5138 | D        | Found Qaufruc's Book Shoppe.
  5138 | D        | Found Heulelem's Antique Weapon Shop.
  5138 | D        | Found Zyllorgh's Antique Armour Emporium.
  5151 | D        | Bought a glowing buckler for 135 gold pieces
  5162 | D        | Bought a glowing rapier for 64 gold pieces
  5172 | D        | Bought a book of Burglary for 750 gold pieces
  5175 | D        | Learned a level 2 spell: Swiftness
  5179 | D        | Learned a level 3 spell: Passwall
  5184 | D        | Learned a level 4 spell: Passage of Golubria
  5794 | D        | Killed a deep elf blademaster
  5794 | D        | Reached skill level 1 in Air Magic
  5794 | D        | Reached XP level 14. HP: 69/74 MP: 12/35
  5835 | D        | Got a vibrating silver ring
  5835 | D        | Got a slimy platinum ring
  5837 | D        | Identified the Disquisition on the Oath and Dark Secrets
  5840 | D        | Identified the Volume of Poisonous Black Magic
  5913 | D        | Identified the ring of Lehoih {AC+1 Str+2} (You found it in the Dungeon)
  5914 | D        | Identified the ring of Beauty {Int+3 Dex+3 Stlth+} (You found it in the Dungeon)
  6144 | D        | Bought a scroll of identify for 24 gold pieces
  6144 | D        | Bought a scroll of identify for 24 gold pieces
  6151 | D        | Bought a scroll of enchant weapon for 105 gold pieces
  6151 | D        | Bought a scroll of enchant armour for 105 gold pieces
  6151 | D        | Bought a scroll of identify for 28 gold pieces
  6151 | D        | Bought a scroll of identify for 28 gold pieces
  6151 | D        | Bought a scroll of identify for 28 gold pieces
  6151 | D        | Bought a scroll of vulnerability for 105 gold pieces
  6221 | D        | Reached skill level 15 in Short Blades
  6297 | D        | Upgraded the game from 0.18-a0-124-g4fdfa27 to 0.18-a0-125-g4c9da24
  6424 | D        | Reached skill level 21 in Stealth
  6525 | D        | Noticed Chuck
  6657 | D        | Killed Chuck
  6883 | D        | Noticed Norris
  6926 | D        | Killed Norris
  6926 | D        | Reached skill level 5 in Shields
  7036 | D        | Bought 2 potions of curing for 72 gold pieces
  7036 | D        | Bought a potion of curing for 36 gold pieces
  7036 | D        | Bought a potion of curing for 36 gold pieces
  7037 | D        | Bought a potion of curing for 42 gold pieces
  7037 | D        | Bought a potion of heal wounds for 70 gold pieces
  7037 | D        | Bought a potion of heal wounds for 70 gold pieces
  7037 | D        | Bought 2 potions of agility for 112 gold pieces
  7143 | D        | Bought a potion of curing for 30 gold pieces
  7143 | D        | Bought a potion of curing for 30 gold pieces
  7143 | D        | Bought a potion of heal wounds for 50 gold pieces
  7143 | D        | Bought a potion of magic for 80 gold pieces
  7143 | D        | Bought a potion of might for 40 gold pieces
  7143 | D        | Bought a potion of curing for 30 gold pieces
  7143 | D        | Bought a potion of curing for 30 gold pieces
  7154 | D        | Noticed the 27-headed Lernaean hydra
  7167 | D        | Slain by the 27-headed Lernaean hydra

Vault maps used:
D:        dungeon_sprint_mu

Action                   |  1- 3 |  4- 6 |  7- 9 | 10-12 | 13-15 || total
-------------------------+-------+-------+-------+-------+-------++-------
Melee: Dagger            |     9 |    33 |    24 |    71 |   175 ||   312
       Rapier            |       |       |       |       |   105 ||   105
       Quick blade       |       |       |       |       |    44 ||    44
 Cast: Ensorcelled Hiber |     3 |     1 |       |    13 |    15 ||    32
       Dazzling Spray    |     2 |     9 |     1 |    11 |    42 ||    65
       Gell's Gravitas   |       |       |     1 |    11 |       ||    12
       Ozocubu's Armour  |       |       |     1 |     3 |       ||     4
       Throw Icicle      |       |       |       |     8 |    26 ||    34
       Condensation Shie |       |       |       |     2 |       ||     2
       Passage of Golubr |       |       |       |       |    10 ||    10
       Tukima's Dance    |       |       |       |       |     1 ||     1
       Metabolic Englaci |       |       |       |       |     1 ||     1
       Petrify           |       |       |       |       |     1 ||     1
Invok: Shadow Step       |       |       |       |    16 |     5 ||    21
  Use: Potion            |     2 |     6 |     1 |       |     2 ||    11
       Scroll            |       |     3 |       |       |     7 ||    10
 Stab: Sleeping          |     6 |     4 |    10 |    46 |    43 ||   109
       Invisible         |       |       |       |     3 |     4 ||     7
       Distracted        |       |       |       |       |     1 ||     1
  Eat: Bread ration      |       |       |     1 |       |       ||     1
       Fruit             |       |       |       |       |     1 ||     1
